 Dungeon Crawl Stone Soup version 0.31.0-9-g3a7656b989 (console) character file.

Game seed: 9167302891252945542

30 AlterAsc the Ruffian (level 3, -3/31 HPs)
             Began as a Ghoul Fighter on Jan 27, 2024.
             Slain by Sigmund
             ... wielding a +0 scythe
              (7 damage)
             ... on level 2 of the Dungeon.
             The game lasted 00:01:23 (731 turns).

AlterAsc the Ruffian (Ghoul Fighter)                 Turns: 731, Time: 00:01:24

Health: -3/31      AC:  7    Str: 21    XL:     3   Next: 20%
Magic:  3/3        EV:  9    Int:  7    God:
Gold:   68         SH:  0    Dex:  8    Spells: 2/2 levels left

rFire   . .          .
                       - Unarmed
rCold   + . .        b - +0 buckler
rNeg    + + +        a - +0 scale mail
rPois   ∞            d - +0 hat
rElec   .            h - +0 cloak
rCorr   .            (no gloves)
SInv    .            (no boots)
Will    .....        (no amulet) Stlth
                     (no ring)
HPRegen 0.00/turn    (no ring)
MPRegen 0.08/turn

%: no passive effects
@: confused, inhibited regen
A: claws 1, cold resistance 1, negative energy resistance 3, inhibited
regeneration, torment resistance 2, devour on kill
a: no special abilities


You were on level 2 of the Dungeon.
You visited 1 branch of the dungeon, and saw 2 of its levels.

You collected 68 gold pieces.

Inventory:

Armour
 a - a +0 scale mail (worn)
 b - a +0 buckler (worn)
 d - a +0 hat (worn)
 h - a +0 cloak (worn)
Scrolls
 f - a scroll of teleportation {unknown}
 g - a scroll of amnesia {unknown}
 i - a scroll of blinking {unknown}
Potions
 c - a potion of might
 e - a potion of curing {unknown}


   Skills:
 - Level 3.2 Fighting
 - Level 2.6 Armour
 - Level 2.6 Shields
 + Level 3.9 Unarmed Combat


You had 2 spell levels left.
You didn't know any spells.
Your spell library was empty.

Dungeon Overview and Level Annotations

Branches:
Dungeon (2/15)

Altars:

Annotations:
D:2 Sigmund


Innate Abilities, Weirdness & Mutations

You are immune to poison.
You have sharp fingernails.
Your flesh is cold resistant. (rC+)
You are immune to negative energy. (rN+++)
You do not regenerate when monsters are visible.
You are immune to unholy pain and torment.
You thrive by killing the living.


Message History

Something hits you but does no damage. You block the giant cockroach's attack.
The frilled lizard barely misses you. The hobgoblin hits you.
The giant cockroach attacks as it pursues you!
The giant cockroach bites you but does no damage.
You claw the giant cockroach!
You kill the giant cockroach!
Something hits you. The hobgoblin barely misses you.
You claw the hobgoblin!
You kill the hobgoblin!
The frilled lizard barely misses you. Something hits you!
The frilled lizard closely misses you.
You are too injured to fight recklessly!
You are too injured to fight recklessly!
You claw the frilled lizard!
You kill the frilled lizard!
Something hits you but does no damage.
You scratch something. You scratch something but do no damage.
Something hits you!
* * * LOW HITPOINT WARNING * * *
You closely miss something. You scratch something.
Something hits you but does no damage.
You closely miss something. You block something's attack.
You claw something! You closely miss something.
Something hits you but does no damage.
You closely miss something.
You hear some strange, mumbled words.
A magic dart appears from out of thin air!
The magic dart hits you.
* * * LOW HITPOINT WARNING * * *
You scratch something but do no damage.
You hear some strange, mumbled words.
Something tries to affect you, but you resist.
You claw something!
You hear some strange, mumbled words.
You are confused.
You scratch something but do no damage. Something hits you but does no damage.
You completely miss something.
Okay, then.
You barely miss something. Something hits you!
You die...

####...#####
..#.........####
.....##..##.....##
#.##.......#.......
#..#............ #
##.#............. ..
........[........ ...
####............. ....
#..............
.....####..............
........#.@............
#...{............
......)................
#..........#...........
#...........#####......
#.#.........# ... #
##........# #.#.....##
......(.#


There were no monsters in sight!

Vanquished Creatures
  An adder (D:2)
  3 endoplasms (D:1)
  2 giant cockroaches
  A goblin (D:2)
  6 hobgoblins
  2 ball pythons (D:1)
  2 frilled lizards
  A kobold (D:1)
  2 rats
20 creatures vanquished.

Notes
Turn   | Place    | Note
-------+----------+-------------------------------------------
     0 | D:1      | AlterAsc the Ghoul Fighter began the quest for the Orb.
     0 | D:1      | Reached XP level 1. HP: 19/19 MP: 1/1
    95 | D:1      | Reached XP level 2. HP: 21/26 MP: 2/2
   691 | D:2      | Reached XP level 3. HP: 31/31 MP: 3/3
   700 | D:2      | Noticed Sigmund
   731 | D:2      | Slain by Sigmund

Illustrated notes

Levels and vault maps discovered:
D:1:      tarquinn_simple_flora_water_f, layout_basic, st_stairs_5,
          reono_crystal_passage, minmay_misc_feat_nine_boxes
D:2:      layout_rooms, uniq_sigmund

Skill      XL: |  1  2 |
---------------+-------+-----
Unarmed Combat | 3 |  3.9
Fighting       | |  3.2
Armour         | |  2.6
Shields        | |  2.6

Action                     || total
---------------------------++-------
  Melee: Unarmed           ||    69
 Armour: Scale mail        ||    41
  Dodge: Dodged            ||    20
  Block: Buckler           ||    15
